AoeStats
← gerole

Nomad

510218126Analyzed
4v4 RM · 2d ago on Sep 30, 2026· 55m 26s· 8 players
Game mode
Random Map
Map size
231×231
Population
200
Speed
Normal
Resources
Standard
Victory
Conquest
Starting age
Dark Age
Ending age
Imperial Age
RankedLock teamsTeams togetherTeam positionsShared explorationLock speedFull tech treeHidden civsTurbo modeCheats
Victory
Defeat
🇲🇽 Cumans · Mexico
530
+13
🇲🇽 Aztecs · Mexico
496
+15
🇺🇸 Romans · United States
474
+16
🇲🇽 Jurchens · Mexico
463
+16
🇧🇷 Varangians · Brazil
565
-20
🇨🇦 Huns · Canada
478
-15
🇦🇷 Franks · Argentina
448
-14
🇦🇷 Khitans · Argentina
371
-11
Sanso8278
5:01 Loom
20:41 Feudal Age
22:35 Town Watch
23:25 Wheelbarrow
23:10 Gold Mining
23:10 Stone Mining
23:14 Double-Bit Axe
28:12 Castle Age
29:36 Bow Saw
29:04 Pikeman
32:16 Man-at-Arms
Conqueeftador
17:13 Feudal Age
19:59 Double-Bit Axe
21:56 Gold Mining
24:48 Castle Age
24:27 Bloodlines
24:29 Scale Barding Armor
25:49 Bow Saw
25:24 Horse Collar
26:01 Husbandry
26:48 Heavy Plow
29:51 Fletching
30:02 Padded Archer Armor
30:53 Gold Shaft Mining
30:09 Stone Mining
32:56 Light Cavalry
36:53 Chain Barding Armor
46:32 Imperial Age
Santi el Rey
4:41 Loom
17:58 Feudal Age
18:35 Double-Bit Axe
20:49 Wheelbarrow
20:48 Town Watch
21:09 Arson
21:23 Domestication
24:20 Gold Mining
25:11 Padded Archer Armor
25:01 Fletching
25:22 Forging
25:17 Scale Barding Armor
25:13 Scale Mail Armor
30:14 Castle Age
32:26 Thumb Ring
32:28 Husbandry
33:34 Crossbowman
34:57 Squires
35:17 Bow Saw
34:59 Stone Mining
38:38 Hand Cart
MAGNATO
4:26 Loom
15:44 Feudal Age
17:14 Double-Bit Axe
17:12 Horse Collar
29:34 Castle Age
28:11 Wheelbarrow
27:22 Town Watch
27:42 Scale Mail Armor
27:48 Scale Barding Armor
27:53 Forging
28:00 Gold Mining
29:08 Fishing Lines
31:30 Chain Barding Armor
31:26 Chain Mail Armor
32:49 Iron Casting
33:51 Fervor
34:30 Bow Saw
34:59 Heavy Plow
36:52 Hand Cart
40:40 Imperial Age
39:56 Hand Cart
39:41 Town Patrol
39:39 Stone Mining
41:24 Caravan
41:17 Elite Jarl
43:02 Vendel Legacy
44:30 Conscription
46:12 Plate Mail Armor
46:43 Blast Furnace
48:35 Plate Barding Armor
50:38 Two-Man Saw
maueg2809
18:39 Feudal Age
20:07 Wheelbarrow
19:23 Double-Bit Axe
19:53 Horse Collar
21:09 Arson
22:03 Gold Mining
23:46 Stone Mining
33:47 Castle Age
35:25 Hand Cart
35:37 Bow Saw
36:05 Stone Shaft Mining
36:06 Gold Shaft Mining
35:40 Heavy Plow
35:58 Forging
35:48 Scale Mail Armor
35:49 Padded Archer Armor
37:56 Atlatl
38:30 Squires
38:15 Gambesons
37:53 Eagle Warrior
44:23 Imperial Age
45:16 Iron Casting
44:56 Chain Mail Armor
44:58 Leather Archer Armor
44:33 Fletching
45:27 Medium Warships
49:16 Blast Furnace
48:47 Plate Mail Armor
48:13 Bodkin Arrow
48:09 Elite Jaguar Warrior
48:16 Capped Ram
50:15 Medium Warships
el_tono
17:02 Feudal Age
31:13 Castle Age
38:47 Imperial Age
37:18 Double-Bit Axe
37:25 Horse Collar
37:43 Gold Mining
37:44 Stone Mining
38:21 Bloodlines
38:13 Husbandry
38:09 Arson
38:26 Squires
38:13 Gambesons
39:29 Scale Barding Armor
39:37 Forging
39:28 Scale Mail Armor
39:30 Padded Archer Armor
39:22 Fletching
46:11 Elite Fire Lancer
48:59 Elite Steppe Lancer
49:16 Elite Iron Pagoda
50:58 Chain Barding Armor
51:14 Iron Casting
50:55 Chain Mail Armor
50:57 Leather Archer Armor
50:39 Bodkin Arrow
gerole
16:19 Feudal Age
18:07 Gold Mining
17:58 Horse Collar
21:19 Fishing Lines
22:02 Forging
21:31 Man-at-Arms
22:30 Scale Mail Armor
27:02 Castle Age
28:09 Long Swordsman
30:50 Wheelbarrow
32:54 Hand Cart
37:22 Chain Mail Armor
41:00 Imperial Age
43:11 Legionary
43:52 Heavy Scorpion
44:27 Double-Bit Axe
45:22 Gold Shaft Mining
44:52 Heavy Plow
44:45 Stone Mining
50:31 Bow Saw
50:50 Ballistics
51:11 Iron Casting
lmol
15:37 Feudal Age
16:03 Double-Bit Axe
20:35 Wheelbarrow
21:07 Town Watch
21:07 Fishing Lines
22:40 Stone Mining
25:48 Gold Mining
27:57 Bloodlines
28:48 Scale Barding Armor
28:54 Forging
34:28 Castle Age
32:19 Horse Collar
32:44 Scale Mail Armor
33:57 Fletching
34:07 Padded Archer Armor
35:33 Hand Cart
35:21 Heavy Plow
35:34 Bow Saw
36:03 Gold Shaft Mining
35:50 Capped Ram
37:58 Chain Barding Armor
38:12 Gillnets
39:59 Iron Casting
39:41 Chain Mail Armor
40:20 Town Patrol
45:24 Imperial Age
43:11 Bodkin Arrow
43:40 Murder Holes
45:19 Steppe Husbandry
47:00 Siege Ram
48:28 Loom
49:09 Elite Steppe Lancer
50:31 Plate Barding Armor
50:57 Blast Furnace
50:28 Plate Mail Armor
50:23 Conscription
52:50 Leather Archer Armor
52:55 Cuman Mercenaries
52:24 Elite Kipchak
Connection lost

Rejoining the realm…

Still unreachable

The connection could not be restored.

Session expired

The server has moved on; the page needs a fresh start.